 Dungeon Crawl Stone Soup version 0.13.1-2-gfb2c2b7 (webtiles) character file.

151859 Scrub the Warrior (level 16, -1/130 HPs)
             Began as a Mummy Gladiator on Nov 30, 2013.
             Was a Priest of Okawaru.
             Slain by a chaos spawn (15 damage)
             ... summoned by the player character
             ... on Level 1 of the Vaults on Dec 1, 2013.
             The game lasted 02:49:23 (42612 turns).

Scrub the Warrior (Mummy Gladiator)                Turns: 42612, Time: 02:49:23

HP  -1/130       AC 18     Str 18      XL: 16   Next: 99%
MP  17/27        EV 28     Int  8      God: Okawaru [***...]
Gold 1000        SH  0     Dex 16      Spells:  3 memorised,  9 levels left

Res.Fire  : x . .   See Invis. : +   g - +7 rod of demonology (9/10)
Res.Cold  : + + .   Warding    : .   C - +1 mottled dragon armour
Life Prot.: + + +   Conserve   : +   (no shield)
Res.Poison: +       Res.Corr.  : .   c - -1 helmet
Res.Elec. : +       Clarity    : .   T - +0 cloak of Starlight {rElec rC+ EV+4 Stlth-}
Sust.Abil.: . .     Spirit.Shd : .   t - +0 pair of dwarf gloves
Res.Mut.  : .       Stasis     : .   G - +1 pair of elf boots
Res.Rott. : +       Flight     : .   i - amulet of conservation
Saprovore : . . .                    O - ring of regeneration
                                     o - ring of see invisible

@: studying Air Magic, very slightly contaminated, heroism, quite resistant to
hostile enchantments, stealthy
A: no food or potions, fire vulnerability, in touch with death, restore body,
cold resistance 1, life protection 3, poison resistance, torment resistance,
unbreathing
a: Self-Restoration, Heroism, Renounce Religion


You were on level 1 of the Vaults.
You worshipped Okawaru.
Okawaru was most pleased with you.
You were not hungry.

You visited 5 branches of the dungeon, and saw 36 of its levels.
You also visited: Labyrinth and Trove.

You collected 3091 gold pieces.
You spent 2111 gold pieces at shops.

Inventory:

Hand weapons
 m - a +1,+2 lajatang of distortion
 q - a +1,+5 sling
 x - the -3,+7 lajatang "Ohount" {freeze, rF+}
   (You found it in a treasure trove)

   It has been specially enchanted to freeze those struck by it, causing extra
   injury to most foes and up to double damage against particularly susceptible
   opponents.
   It can also slow down cold-blooded creatures.
   It protects you from fire.
Missiles
 H - a javelin (quivered)
 V - 19 poisoned needles
Armour
 c - a -1 helmet (worn)
 t - a +0 pair of dwarven gloves (worn)
 w - a -1 fire dragon armour
 C - a +1 mottled dragon armour (worn)
 G - a +1 pair of elven boots (worn)
 T - the +0 cloak of Starlight (worn) {rElec rC+ EV+4 Stlth-}
   (You found it in a labyrinth)

   It affects your evasion (+4).
   It protects you from cold.
   It insulates you from electricity.
   It makes you much less stealthy.
Magical devices
 b - a wand of disintegration (15)
 l - a wand of confusion (2)
 n - a wand of disintegration (2)
 p - a wand of paralysis (12)
 v - a wand of digging (1)
 J - a wand of hasting (0)
 K - a wand of paralysis (16)
 M - a wand of digging (15)
 U - a wand of digging (3)
Scrolls
 s - 4 scrolls of identify
 B - 2 scrolls of remove curse
Jewellery
 d - an uncursed ring of sustain abilities
 e - an uncursed ring of flight
 i - an amulet of conservation (around neck)
 j - an uncursed ring of protection from cold
 k - an uncursed amulet of clarity
 o - a ring of see invisible (left hand)
 r - an uncursed amulet of resist corrosion
 y - an uncursed amulet of guardian spirit
 A - the ring of Pragmatism {Str+6 Dex+1}
   (You found it on level 20 of the Dungeon)

   [ring of strength]

   It affects your strength (+6).
   It affects your dexterity (+1).
 F - an uncursed ring of protection from magic
 I - an uncursed ring of protection from fire
 N - an uncursed ring of protection from fire
 O - a ring of regeneration (right hand)
 S - a cursed ring of teleportation
Books
 h - a book of Debilitation

   Spells                             Type                      Level
   Corona                             Hexes                        1
   Slow                               Hexes                        2
   Inner Flame                        Hexes/Fire                   3
   Enslavement                        Hexes                        4
   Cause Fear                         Hexes                        4
   Leda's Liquefaction                Hexes/Earth                  4
 z - a manual of Air Magic
 D - a book of Air

   Spells                             Type                      Level
   Shock                              Conjuration/Air              1
   *Swiftness                         Charms/Air                   2
   *Repel Missiles                    Charms/Air                   2
   Flight                             Charms/Air                   3
   Static Discharge                   Conjuration/Air              3
   Lightning Bolt                     Conjuration/Air              5
Miscellaneous
 a - a lamp of fire (inert)
 u - a phial of floods (inert)
Rods
 f - a +4 rod of destruction (12/12)
   (You found it in a labyrinth)
 g - a +7 rod of demonology (9/10) (weapon)
   (You found it in a labyrinth)


   Skills:
 - Level 15.0(20.0) Fighting
 - Level 11.2(16.2) Staves
 - Level 1.5(6.5) Throwing
 - Level 10.6(15.6) Armour
 - Level 11.8(16.8) Dodging
 - Level 2.0 Charms
 + Level 0.0 Translocations
 - Level 7.0 Air Magic
 - Level 9.8 Invocations
 - Level 9.4 Evocations


You had 9 spell levels left.
You knew the following spells:

 Your Spells              Type           Power        Failure   Level  Hunger
a - Swiftness             Chrm/Air       #.........   12%         2    N/A
b - Blink                 Tloc           N/A          69%         2    N/A
c - Repel Missiles        Chrm/Air       #.........   12%         2    N/A

Dungeon Overview and Level Annotations

Branches:
Dungeon (21/27)            Temple (1/1) D:4             Orc (4/4) D:8
   Lair (8/8) D:8           Swamp (0/5) Lair:3        Snake (0/5) Lair:3
  Slime (0/6) Lair:6       Vaults (2/5) D:19          Crypt (0/5) Vaults:2
    Elf: Orc:3-4

Altars:
Ashenzari
Cheibriados
Elyvilon
Fedhas
Kikubaaqudgha
Makhleb
Nemelex Xobeh
Okawaru
Sif Muna
Trog
Vehumet
Xom
Yredelemnul
Zin
the Shining One

Shops:
D:4 !   D:6 (   D:9 =   Orc:4 [*(+   Vaults:1 }}

Portals:
Ziggurat: D:12 (3130 gp) D:17 (4440 gp)

Annotations:
D:6 exclusion: oklob plant
D:11 exclusion: brain worm, Harold
D:12 exclusion: oklob plant, letownia's ghost, powerful MiWr
Orc:3 oink's ghost, powerful MfGl
Lair:5 Rupert


Innate Abilities, Weirdness & Mutations

You do not eat or drink.
Your flesh is vulnerable to fire.
You are in touch with the powers of death.
You can restore your body by infusing magical energy.
Your flesh is cold resistant.
You are immune to negative energy.
Your system is resistant to poisons.
You are immune to unholy pain and torment.
You can survive without breathing.


Message History

The chaos spawn misses you. The yaktaur closely misses you.
The small abomination completely misses you.
Unknown command.
Read which item? (? for menu, Esc to quit)
As you read the scroll of fog, it crumbles to dust.
The scroll dissolves into smoke.
The chaos spawn misses you.
The yaktaur hits you but does no damage.
The small abomination hits you but does no damage.
The chaos spawn completely misses you.
Unknown command.
Unknown command.
You thump the yaktaur!
The yaktaur is severely wounded.
The sentinel's mark upon you fades away.
The yaktaur misses you.
The deep elf fighter casts a spell.
You feel troubled.
The small abomination hits you but does no damage.
The chaos spawn hits you!
You die...

#.....#.. ########....)').
####......#....)#.. ####
######..#......'.....#(.
'Zc#######...'.§.#......#.....'((
'ecx§§§.§§...§§Ze#......#.....#.(
)@e(§§§§§c@e§Z@Zc#......#.....###
'(c#######.Zxcecx#......#.....#
#### ######3@########[....###
#### #.....#.. #.....#..
#.....#.. #.....#.. #.....#..
#.....#..
#########################.....#..
..............................#..


You could see a vault warden, 2 yaktaurs, a chaos spawn, a deep elf priest, a
deep elf fighter, a small abomination, an iron troll zombie and a stone giant
skeleton.

Vanquished Creatures
  Margery (D:20)
  2 vault wardens
  An orc warlord (Orc:3)
  2 ogre magi
  5 yaktaur captains
  Fannar (D:12)
  2 ironheart preservers (Vaults:2)
  A great orb of eyes (D:21)
  8 hydras
  A human zombie (D:20)
  2 death yaks (Lair:8)
  A rakshasa (Vaults:2)
  A very ugly thing (D:21)
  Urug (D:13)
  3 orc high priests
  10 centaur warriors
  6 hell knights
  A catoblepas (Lair:6)
  6 deep elf knights
  6 orc knights
  2 unseen horrors
  Pikel (D:9)
  An ironbrand convoker (Vaults:2)
  Joseph (D:9)
  2 wizards (D:19)
  4 giant amoebae
  2 wolf spiders
  3 necromancers
  8 hill giants
  5 orc sorcerers
  2 fire giant zombies
  The ghost of Chiseanne the Nimble, a powerful DsAr of Nemelex Xobeh (Orc:4)
  6 griffons
  5 cyclopes
  3 stone giant zombies
  4 stone giant skeletons
  4 black mambas
  11 elephants
  A queen ant (Lair:3)
  3 vault sentinels
  14 yaktaurs
  3 humans (D:19)
  Psyche (D:10)
  A smoke demon (Orc:4)
  An iron devil (Orc:4)
  8 spiny frogs
  A feature mimic (D:16)
  A queen bee (Lair:3)
  2 wandering mushrooms (Lair:4)
  A giant firefly (shapeshifter) (D:20)
  A wind drake (shapeshifter) (D:21)
  An iron troll skeleton (D:20)
  3 wyverns
  A polar bear (Lair:4)
  A red devil (Orc:4)
  7 two-headed ogres
  22 slime creatures
  A wolf spider simulacrum (D:19)
  8 trolls
  12 komodo dragons
  Prince Ribbit (D:5)
  2 ettin zombies
  A queen bee (shapeshifter) (Vaults:1)
  3 boulder beetles
  A raven (shapeshifter) (D:15)
  29 blink frogs
  A hydra skeleton (D:11)
  4 basilisks
  A dragon skeleton (D:18)
  2 shadows
  2 grizzly bears
  6 deep elf magi
  A neqoxec (D:11)
  A chaos spawn (Orc:4)
  2 wraiths (D:19)
  57 ugly things
  A spiny worm zombie (D:19)
  58 yaks
  A hill giant zombie (D:13)
  20 wolves
  2 elephant slugs
  A deep elf fighter (D:18)
  Grum (D:11)
  3 mottled dragons
  A wyvern (shapeshifter) (D:19)
  A ynoxinul (Orc:4)
  3 hungry ghosts
  A rock worm (D:13)
  5 hippogriffs
  A deep troll zombie (D:19)
  27 vampire mosquitoes
  Edmund (D:9)
  4 manticores
  3 steam dragons (Lair:8)
  9 soldier ants
  8 porcupines
  A swamp drake (Lair:8)
  2 hell hounds (Lair:8)
  6 ice beasts
  2 nagas (Lair:3)
  A deep troll skeleton (D:20)
  33 orc warriors
  3 yellow wasps
  2 black bears
  21 ogres
  2 slaves (D:9)
  9 centaurs
  A sky beast (D:15)
  A crocodile (shapeshifter) (D:19)
  5 giant slugs
  A komodo dragon zombie (D:11)
  The ghost of teukkam the Gusty, an average OpAE of Sif Muna (D:3)
  14 crocodiles
  19 giant frogs
  A rotting devil (Orc:4)
  3 brain worms (D:11)
  5 wargs
  2 big kobolds
  12 water moccasins
  Blork the orc (D:5)
  A giant slug zombie (D:17)
  3 agate snails
  A wyvern zombie (D:15)
  2 yaktaur skeletons
  A gnoll sergeant (D:9)
  A yak zombie (D:14)
  A troll zombie (D:13)
  12 wights
  2 eyes of draining (D:11)
  36 killer bees
  A troll skeleton (D:12)
  A yak skeleton (D:15)
  A rock worm zombie (D:15)
  8 crimson imps
  An electric eel (Lair:3)
  4 goliath beetles
  29 orc priests
  2 big fish (D:6)
  5 jellies
  A centaur zombie (D:12)
  26 hounds
  41 orc wizards
  3 quasits (D:11)
  2 centaur skeletons
  A giant frog zombie (D:8)
  13 iguanas
  5 scorpions
  A boulder beetle simulacrum (D:18)
  A shapeshifter simulacrum (D:18)
  27 worker ants
  A killer bee zombie (D:12)
  18 sheep
  A sky beast zombie (D:5)
  A big kobold zombie (D:15)
  2 mottled dragon skeletons
  A mummy (D:9)
  4 boggarts (Vaults:1)
  A lemure (D:11)
  5 gnolls
  27 green rats
  4 giant centipedes
  28 adders
  8 giant mites
  2 goliath beetle zombies
  An inept feature mimic (D:3)
  3 worms
  2 shadow imps (D:11)
  An adder skeleton (D:9)
  9 giant geckos
  2 oozes
  141 orcs
  A ball python (D:7)
  7 giant cockroaches
  28 hobgoblins
  38 jackals
  18 kobolds
  10 quokkas
  18 bats
  4 giant newts
  A giant spore (D:10)
  19 goblins
  2 hobgoblin skeletons
  An orc skeleton (D:8)
  An orc zombie (Orc:4)
  A quokka skeleton (D:6)
  15 rats
  A rat skeleton (D:5)
  A rat zombie (D:6)
  3 ballistomycetes
  2 plants
1299 creatures vanquished.

Vanquished Creatures (collateral kills)
  A hydra (D:21)
  An orc knight (Vaults:2)
  A cyclops (Vaults:2)
  An ugly thing (D:20)
  A mottled dragon (D:20)
  3 orc warriors (Vaults:2)
  A human (D:19)
  An orc (D:21)
10 creatures vanquished.

Vanquished Creatures (others)
  A dragon (Lair:8)
  3 death yaks (Lair:8)
  An ice devil (Orc:4)
  An unseen horror (D:12)
  2 orc knights (Orc:4)
  A wizard (D:10)
  2 black mambas (Lair:6)
  An elephant (Lair:5)
  An orange demon (Lair:2)
  A komodo dragon (Lair:7)
  A blue devil (Vaults:1)
  3 water elementals
  A fire drake (Lair:8)
  A troll (D:14)
  A fire elemental (D:20)
  A wraith (D:13)
  3 yaks (Lair:8)
  4 orc warriors (Orc:4)
  A slave (D:9)
  2 ogres
  A warg (Lair:8)
  2 water moccasins
  An agate snail (Lair:8)
  A crimson imp (D:9)
  A hound (Lair:5)
  A sheep (Lair:7)
  A mottled dragon skeleton (D:13)
  2 green rats (Lair:6)
  An adder (Lair:7)
  A chimera (D:13)
  3 orcs
  2 bats
  A giant spore (D:7)
  8 fungi
  5 plants
  9 toadstools (D:6)
72 creatures vanquished.

Grand Total: 1381 creatures vanquished

Notes
Turn   | Place    | Note
--------------------------------------------------------------
     0 | D:1      | Scrub, the Mummy Gladiator, began the quest for the Orb.
     0 | D:1      | Reached XP level 1. HP: 17/17 MP: 0/0
   208 | D:1      | Reached XP level 2. HP: 23/23 MP: 1/1
   325 | D:1      | Reached skill level 3 in Staves
   953 | D:2      | Reached XP level 3. HP: 12/28 MP: 2/2
  1487 | D:2      | Reached skill level 4 in Staves
  1718 | D:2      | Reached XP level 4. HP: 35/35 MP: 3/3
  2444 | D:3      | Reached XP level 5. HP: 38/40 MP: 4/4
  2702 | D:3      | Noticed teukkam's ghost (average OpAE)
  2923 | D:3      | Killed teukkam's ghost
  2923 | D:3      | Reached skill level 5 in Staves
  3693 | D:4      | Reached XP level 6. HP: 46/46 MP: 5/5
  3937 | D:4      | Found Gumn's Distillery.
  4083 | D:4      | Found a staircase to the Ecumenical Temple.
  4100 | Temple   | Entered the Ecumenical Temple
  4378 | Temple   | Became a worshipper of Warmaster Okawaru
  4999 | D:5      | Entered Level 5 of the Dungeon
  5055 | D:5      | Reached skill level 6 in Staves
  5217 | D:5      | Reached XP level 7. HP: 41/51 MP: 6/6
  5225 | D:5      | Got a slimy leather armour
  5241 | D:5      | Identified the +3 leather armour "Khuasar" {Dex-5 Int+1 Curse} (You found it on level 5 of the Dungeon)
  5864 | D:4      | Reached skill level 7 in Staves
  6558 | D:6      | Found Katuaf's Antique Weapon Shop.
  6609 | D:6      | Acquired Okawaru's first power
  6922 | D:6      | Reached skill level 1 in Armour
  6922 | D:6      | Reached XP level 8. HP: 43/58 MP: 7/7
  7033 | D:6      | Found a blossoming altar of Fedhas.
  7057 | D:6      | Noticed an oklob plant
  7349 | D:5      | Noticed Blork the orc
  7366 | D:5      | Killed Blork the orc
  7612 | D:5      | Noticed Prince Ribbit
  7620 | D:5      | Reached skill level 8 in Staves
  8052 | D:5      | Killed Prince Ribbit
  8656 | D:7      | Found a shimmering altar of Xom.
  8656 | D:7      | Found a shimmering altar of Xom.
  8658 | D:7      | Found a shimmering altar of Xom.
  8658 | D:7      | Found a shimmering altar of Xom.
  8664 | D:7      | Noticed a black mamba
  8668 | D:7      | a black mamba changed into a giant slug
  8714 | D:7      | Reached XP level 9. HP: 57/65 MP: 8/8
  9169 | D:7      | Reached skill level 5 in Armour
  9536 | D:8      | Reached skill level 1 in Invocations
  9579 | D:8      | Noticed an elephant
  9583 | D:8      | Noticed an elephant
  9770 | D:9      | Noticed Edmund
  9799 | D:9      | Killed Edmund
 10063 | D:9      | Noticed Pikel
 10095 | D:9      | Killed Pikel
 10205 | D:9      | Reached XP level 10. HP: 66/72 MP: 16/16
 10440 | D:9      | Found Fofap's Jewellery Boutique.
 10447 | D:9      | Bought an uncursed amulet of clarity for 240 gold pieces
 10517 | D:9      | Reached skill level 5 in Invocations
 10977 | D:9      | Noticed Joseph
 11045 | D:9      | Killed Joseph
 11360 | D:10     | Entered Level 10 of the Dungeon
 11752 | D:11     | Noticed a hill giant
 11760 | D:11     | Killed a hill giant
 12081 | D:11     | Noticed Grum
 12117 | D:11     | Killed Grum
 12777 | D:12     | Noticed Fannar
 12815 | D:12     | Killed Fannar
 12815 | D:12     | Reached XP level 11. HP: 67/78 MP: 21/21
 12904 | D:12     | Noticed a hill giant
 12919 | D:12     | Killed a hill giant
 12945 | D:12     | Noticed letownia's ghost (powerful MiWr)
 13048 | D:12     | Found a gateway to a ziggurat.
 13048 | D:12     | Noticed an angel
 13250 | D:12     | Reached skill level 5 in Dodging
 13622 | D:11     | Noticed Harold
 14321 | D:12     | Noticed a centaur warrior
 14329 | D:12     | Killed an unseen horror
 14340 | D:12     | Killed a centaur warrior
 14453 | D:12     | Noticed a hill giant
 14471 | D:12     | Killed a hill giant
 14471 | D:12     | Reached skill level 9 in Invocations
 14632 | D:12     | Upgraded the game from 0.13.1 to 0.13.1-2-gfb2c2b7
 14875 | D:13     | Noticed a centaur warrior
 14898 | D:13     | HP: 2/75 [white ugly thing (7)]
 15445 | D:13     | Killed a centaur warrior
 15826 | D:12     | Reached XP level 12. HP: 77/82 MP: 24/24
 16167 | D:13     | Noticed a five-headed hydra
 16353 | D:10     | Noticed Psyche
 16586 | D:10     | Reached skill level 5 in Fighting
 16810 | D:10     | Killed Psyche
 16984 | D:10     | Found a bloodstained altar of Trog.
 16984 | D:10     | Noticed a wizard
 16990 | D:10     | Killed a wizard
 17626 | D:8      | Found a staircase to the Lair.
 17628 | D:8      | Noticed an elephant
 17654 | D:8      | Killed an elephant
 17732 | D:8      | Killed an elephant
 17763 | D:8      | Killed an elephant
 17785 | D:8      | Found a staircase to the Orcish Mines.
 18000 | Lair:1   | Entered Level 1 of the Lair of Beasts
 18100 | Lair:1   | Acquired Okawaru's second power
 18208 | Lair:1   | Learned a level 2 spell: Swiftness
 18285 | Lair:1   | Noticed a seven-headed hydra
 18300 | Lair:1   | Killed a seven-headed hydra
 18440 | Lair:1   | Received a gift from Okawaru
 18737 | Lair:2   | Noticed an eight-headed hydra
 18814 | Lair:2   | Found a labyrinth entrance.
 18822 | Lab      | Entered a labyrinth
 18895 | Lab      | Paralysed by you for 5 turns
 19073 | Lab      | Noticed a minotaur
 19118 | Lab      | Identified Zeopp's Catalogue of Conjuration
 19119 | Lab      | Got a wizard robe
 19145 | Lair:2   | Identified a +4 rod of destruction (12/12) (You found it in a labyrinth)
 19146 | Lair:2   | Identified a +7 rod of demonology (10/10) (You found it in a labyrinth)
 19214 | Lair:2   | Got a fine ring mail
 19229 | Lair:2   | Identified the +4 ring mail of Nobility {rC+ Str+2 Curse} (You found it on level 2 of the Lair of Beasts)
 19259 | Lair:2   | Identified the +3 robe of Broken Taboos {Str+4 Dex+3 Acc+3} (You found it in a labyrinth)
 19355 | Lair:2   | Reached skill level 1 in Evocations
 19792 | Lair:2   | Killed an eight-headed hydra
 20269 | Lair:3   | Found a staircase to the Swamp.
 20407 | Lair:3   | Found a staircase to the Snake Pit.
 20533 | Lair:3   | Got a slimy robe
 20545 | Lair:3   | Identified the +2 robe of a void {Str+4 Int+1} (You found it on level 3 of the Lair of Beasts)
 20760 | Lair:3   | Reached XP level 13. HP: 94/94 MP: 25/25
 20775 | Lair:3   | Reached skill level 5 in Evocations
 22026 | Lair:4   | Learned a level 2 spell: Blink
 23039 | Lair:5   | Reached skill level 10 in Staves
 23376 | Lair:6   | Identified a scroll of acquirement
 23612 | Lair:6   | Noticed Rupert
 23964 | Lair:6   | Reached skill level 11 in Staves
 24002 | Lair:6   | Found a staircase to the Slime Pits.
 25600 | Lair:8   | Entered Level 8 of the Lair of Beasts
 25651 | Lair:7   | Reached XP level 14. HP: 77/101 MP: 27/27
 25846 | Lair:8   | Received a gift from Okawaru
 26376 | Lair:8   | Reached skill level 10 in Dodging
 27310 | Lair:5   | Paralysed by Rupert for 2 turns
 27493 | Orc:1    | Entered Level 1 of the Orcish Mines
 28043 | Orc:3    | Noticed oink's ghost (powerful MfGl)
 28233 | Orc:4    | Entered Level 4 of the Orcish Mines
 28557 | Orc:4    | Noticed Chiseanne's ghost (powerful DsAr)
 28574 | Orc:4    | Killed Chiseanne's ghost
 28574 | Orc:4    | Reached skill level 10 in Armour
 28871 | Orc:4    | Noticed an orc warlord
 29078 | Orc:3    | Killed an orc warlord
 29282 | Orc:4    | Found Esuahuca's Antique Armour Emporium.
 29283 | Orc:4    | Found Orid's Antique Weapon Emporium.
 29284 | Orc:4    | Found Samugg's General Store.
 29284 | Orc:4    | Found Tadofen's Book Shoppe.
 30491 | Orc:4    | Bought a manual of Air Magic for 1324 gold pieces
 30491 | Orc:4    | Bought a book of Air for 420 gold pieces
 30495 | Orc:4    | Learned a level 2 spell: Repel Missiles
 30801 | D:13     | Killed an unseen horror
 30801 | D:13     | Reached skill level 1 in Air Magic
 31157 | D:13     | Noticed Urug
 31173 | D:13     | Killed Urug
 31194 | D:13     | Killed a five-headed hydra
 31550 | D:14     | Entered Level 14 of the Dungeon
 31611 | D:14     | Reached skill level 5 in Air Magic
 31611 | D:14     | Reached XP level 15. HP: 50/107 MP: 10/27
 31775 | D:14     | Found a portal to a secret trove of treasure.
 31991 | Orc:4    | Bought a scroll of recharging for 82 gold pieces
 31993 | Orc:4    | Bought a scroll of teleportation for 45 gold pieces
 32213 | Trove    | Entered a treasure trove
 32228 | Trove    | Got an iridescent lajatang
 32232 | Trove    | Identified the cursed -3,+7 lajatang "Ohount" {freeze, rF+} (You found it in a treasure trove)
 32987 | D:15     | Entered Level 15 of the Dungeon
 33936 | D:16     | Found a blossoming altar of Fedhas.
 34996 | D:17     | Reached skill level 10 in Fighting
 35389 | D:17     | Found a gateway to a ziggurat.
 36392 | D:19     | Noticed a tengu reaver
 36449 | D:19     | You fall through a shaft!
 36449 | D:20     | Entered Level 20 of the Dungeon
 36593 | D:20     | Noticed Margery
 36870 | D:21     | Reached skill level 12 in Fighting
 36973 | D:21     | Noticed Mara
 36977 | D:21     | Noticed Mara
 36977 | D:21     | Noticed Mara
 37373 | D:20     | Got a crude brass ring
 37379 | D:20     | Identified the ring of Pragmatism {Str+6 Dex+1} (You found it on level 20 of the Dungeon)
 37704 | D:20     | Reached XP level 16. HP: 108/125 MP: 27/27
 37749 | D:20     | Killed Margery
 37749 | D:20     | Reached skill level 13 in Fighting
 38304 | D:19     | Received a gift from Okawaru
 38329 | D:19     | Found a staircase to the Vaults.
 38364 | D:19     | Reached skill level 14 in Fighting
 39319 | Vaults:1 | Entered Level 1 of the Vaults
 39954 | Vaults:1 | Reached skill level 15 in Fighting
 39963 | Vaults:1 | Received a gift from Okawaru
 40049 | Vaults:1 | Found Bruosilu's Gadget Shoppe.
 40049 | Vaults:1 | Found Skaqusih's Gadget Boutique.
 40071 | Vaults:2 | Reached skill level 1 in Charms
 41486 | Vaults:2 | Found a staircase to the Crypt.
 42612 | Vaults:1 | Slain by a chaos spawn

Action                   |  1- 3 |  4- 6 |  7- 9 | 10-12 | 13-15 | 16-18 || total
-------------------------+-------+-------+-------+-------+-------+-------++-------
Melee: Quarterstaff      |   119 |   264 |   615 |  1728 |   487 |       ||  3213
       Lajatang          |       |       |       |       |  2306 |   660 ||  2966
       Rod               |       |       |       |       |       |    13 ||    13
Throw: Dart              |     6 |     1 |    18 |     1 |       |       ||    26
       Throwing net      |     2 |     1 |     6 |     3 |       |       ||    12
       Javelin           |       |       |       |       |     1 |       ||     1
 Cast: Repel Missiles    |       |       |       |       |     4 |    21 ||    25
       Swiftness         |       |       |       |       |       |    13 ||    13
Invok: Heroism           |       |       |    21 |    60 |    86 |    33 ||   200
       Finesse           |       |       |       |       |     3 |     2 ||     5
 Abil: Self-Restoration  |       |       |       |       |     1 |       ||     1
Evoke: Wand              |       |       |     6 |    72 |    29 |     1 ||   108
       Miscellaneous     |       |       |       |     1 |     2 |     6 ||     9
       Rod               |       |       |       |     3 |     5 |     6 ||    14
  Use: Scroll            |     2 |     5 |    15 |    23 |    24 |    10 ||    79
 Stab: Held in net/web   |     2 |       |     3 |     6 |       |       ||    11
       Sleeping          |       |       |       |     3 |     4 |     1 ||     8
       Confused          |       |       |       |     2 |       |       ||     2
       Distracted        |       |       |       |     1 |     4 |       ||     5
       Invisible         |       |       |       |       |     2 |       ||     2
